 Dungeon Crawl Stone Soup version 0.31-a0-986-g5e6e4ef867 (webtiles) character file.

Game seed: 5707568267982401269

5273 Skeral the Fighter (level 10, -2/44 HPs)
             Began as a Felid Cinder Acolyte on Nov 18, 2023.
             Was an Elder of Ignis.
             Slain by a two-headed ogre
             ... wielding a +0 giant club
              (21 damage)
             ... on level 9 of the Dungeon.
             The game lasted 00:30:01 (10527 turns).

Skeral the Fighter (Felid Cinder Acolyte)          Turns: 10527, Time: 00:30:01

Health: -2/44      AC:  2    Str: 10    XL:     10   Next: 36%
Magic:  12/12      EV: 20    Int: 15    God:    Ignis [****..]
Gold:   695        SH:  0    Dex: 17    Spells: 9/11 levels left
                                        Lives:  0   Deaths: 3

rFire   + +          .
                       - Unarmed
rCold   . . .        (shield unavailable)
rNeg    . . .        (body armour unavailable)
rPois   .            (helmet unavailable)
rElec   .            (cloak unavailable)
rCorr   .            (gloves unavailable)
SInv    +            (boots unavailable)
Will    +....        (no amulet)
Stlth   +++          E - +5 ring of evasion
HPRegen 0.27/turn    F - ring of protection from fire
MPRegen 0.13/turn

%: no passive effects
@: blade hands, quick
A: reduced hp, very small, (claws 1), fangs 3, see invisible, speed 1, shaggy
fur 2, (stealthy paws), no weapons or thrown items, no armour, multi-lived
a: Begin Untransformation, Renounce Religion, Fiery Armour, Foxfire Swarm,
Rising Flame


You were on level 9 of the Dungeon.
You worshipped Ignis.
Ignis was greatly pleased with you.
You had blades for front paws.
You visited 1 branch of the dungeon, and saw 9 of its levels.
You also visited: Ossuary.

You collected 695 gold pieces.


Innate Abilities, Weirdness & Mutations

You have blades for front paws.
Your maximum health is decreased, since you lack skill for your form.
((You have sharp claws.))
You have razor-sharp teeth.
You have supernaturally acute eyesight. (SInv)
You cover ground quickly. (Speed+)
You are covered in thick fur. (AC +2)
((Your paws help you pounce on unaware monsters.))
You are incapable of wielding weapons or throwing items.
You cannot wear armour.
You gain extra lives every three experience levels.


   Skills:
 + Level 9.2 Fighting
 - Level 4.0 Stealth
 + Level 9.1 Unarmed Combat
 - Level 1.0 Spellcasting
 - Level 3.0 Fire Magic
 * Level 9.0 Shapeshifting


You had 9 spell levels left.
You knew the following spells:

 Your Spells              Type           Power      Damage    Failure   Level
S - Scorch                Fire           18%        2d5       11%         2

Your spell library contained the following spells:

 Spells                   Type           Power      Damage    Failure   Level
 Apportation              Tloc           0%         N/A       24%         1
 Necrotise                Necr           0%         1d4       24%         1
 Summon Small Mammal      Summ           0%         N/A       24%         1
 Inner Flame              Hex/Fire       5%         N/A       36%         3
 Ozocubu's Armour         Ice            0%         N/A       58%         3
 Metabolic Englaciation   Hex/Ice        0%         N/A       100%        5
 Yara's Violent Unravell  Hex/Tmut       0%         3d3       100%        5
 Simulacrum               Ice/Necr       0%         N/A       100%        6
 Enfeeble                 Hex            0%         N/A       100%        7

Inventory:

Jewellery
 A - an amulet of magic regeneration
   (You found it on level 6 of the Dungeon)
 D - a +6 ring of dexterity
   (You found it on level 8 of the Dungeon)
 E - a +5 ring of evasion (left blade hand)
   (You found it on level 2 of the Dungeon)
 F - a ring of protection from fire (right blade hand)
   (You found it on level 6 of the Dungeon)
Talismans
 a - a dragon-blood talisman
   (You found it on level 1 of the Dungeon)
 q - a blade talisman (active)
   (You found it on level 4 of the Dungeon)
Wands
 u - a wand of flame (3)
   (You took it off Robin on level 4 of the Dungeon)
 y - a wand of iceblast (2)
   (You found it on level 6 of the Dungeon)
 J - a wand of light (5)
   (You found it on level 9 of the Dungeon)
Scrolls
 b - 3 scrolls of brand weapon
 c - a scroll of poison {unknown}
 e - 2 scrolls of fog
 g - a scroll of blinking {unknown}
 j - a scroll of vulnerability {!r!r}
 k - 3 scrolls of teleportation {@r4}
 m - 4 scrolls of enchant armour {unknown}
 p - 3 scrolls of immolation {!r!r}
 v - a scroll of acquirement {unknown}
 x - 3 scrolls of fear
 H - 2 scrolls of revelation {unknown}
 I - a scroll of torment {unknown}
 K - 2 scrolls of enchant weapon {unknown}
 L - a scroll of noise {unknown}
Potions
 d - 3 potions of curing {@q1}
 f - 2 potions of might {unknown}
 h - 4 potions of haste {@q3}
 i - a potion of ambrosia {unknown}
 l - 3 potions of magic
 n - 2 potions of lignification {!q}
 o - a potion of heal wounds {unknown}
 r - a potion of cancellation
 s - a potion of berserk rage {!q}
 t - a potion of mutation {!q}
 w - 2 potions of enlightenment
 z - 2 potions of attraction {!q}
 B - a potion of resistance
 C - 2 potions of brilliance {unknown}
 G - a potion of invisibility

Dungeon Overview and Level Annotations

Branches:
Dungeon (9/15) Zot: 26352  Temple (0/1) D:7         Ossuary (visited)
   Lair: D:8-11         Orc: D:9-12

Altars:
Gozag
Kikubaaqudgha
Qazlal
Xom
Yredelemnul

Shops:
D:5 (

Portals:
Abyss: D:7

Annotations:
D:7 2 transporters, GreenGuy14's ghost, novice DsCK
D:9 Harold

.#.# .#.# ....#. ...#
......##### .##.#
.......#..# .#### ........
#..# ..#...### # #.##
#......# ##.# .## .
#.....#### ..... ..#####
.# #.@..#)#.#...#
..#...#..# #.O##.#)).#
.#.....#.. ###.....))###
.##......@ #.#........###
#......... ##...........#
# ..........
#..........#.# ## .#
..#...#...
...#........#####.##.#
..#..#......#.#....#...#
.#...## ###.##
.....####..#....###.##.#.#


You could see a two-headed ogre.


Message History

Unknown command.
Things that are here:
a +0 giant club; a +0 great mace; a two-headed ogre skeleton
There is a stone staircase leading up here.
You climb upwards.
There is a stone staircase leading down here.
Okay, then.
You begin transforming.
You continue transforming. x3
Your front paws turn into razor-sharp scythe blades. ๐Ÿ˜Ž HP[-5]
You now have 44 max hp (-5).
You have blades for front paws.
Your movement speed is quick.
Your attack delay is about 0.8.
Your damage rating with unarmed combat is about 26 (Base [14 + 9 (UC)] x 100% (Str) x 115% (Fight)).
You climb downwards.
Level annotation: Harold
There is a stone staircase leading up here.
Things that are here:
a +0 great mace; a +0 giant club; a two-headed ogre skeleton You see here a +0 ring mail. 2 kobolds come into view.
The kobold shouts!
You hear a shout! x2
A kobold comes into view. It is wielding a +0 club.
The kobold moves out of view.
The kobold shouts! 2 kobolds come into view. 2 kobolds come into view.
A kobold is wielding a +1 whip of electrocution.
A kobold is wielding a +1 short sword of venom.
The kobold shouts! x2
The kobold moves out of view.
A kobold brigand comes into view.
It is wielding a +0 whip and quivering poisoned darts.
You see here 16 gold pieces.
You closely miss the kobold.
The kobold brigand shouts!
You bite the kobold. You hit the kobold but do no damage.
The kobold closely misses you.
You slice the kobold!!
You kill the kobold!
The kobold hits you with a +0 club. ๐Ÿ˜• HP[-2]
You take 2 damage, and now have 42/44 hp.
You slash the kobold!
You kill the kobold!
The kobold closely misses you.
The kobold throws a stone.
The stone barely misses you.
The kobold throws a stone.
The stone misses you. The kobold attacks as it pursues you!
The kobold hits you but does no damage. ๐Ÿ˜• HP[+1]
The kobold closely misses you.
The kobold throws a stone.
The stone misses you.
Things that are here:
a +0 short sword; a +0 short sword You hit the kobold.
You kill the kobold!
The kobold brigand misses you. The kobold closely misses you.
You closely miss the kobold brigand. You slice the kobold brigand!!
You kill the kobold brigand!
The kobold misses you. The kobold completely misses you.
The kobold hits you with a +0 dagger. ๐Ÿ˜• HP[-1]
You take 1 damage, and now have 42/44 hp.
You slice the kobold!!
You kill the kobold!
The kobold closely misses you. The kobold misses you.
The kobold closely misses you.
You slash the kobold!
You kill the kobold!
The kobold misses you. The kobold barely misses you.
You completely miss the kobold. The kobold completely misses you.
The kobold closely misses you.
You closely miss the kobold. The kobold completely misses you.
The kobold hits you with a +0 dagger. ๐Ÿ˜• HP[-1]
You take 1 damage, and now have 41/44 hp.
You slash the kobold!
You kill the kobold!
The kobold closely misses you. ๐Ÿ˜• HP[+1]
You hit the kobold but do no damage. You slice the kobold!!
You kill the kobold!
You see here a +0 short sword.
Things that are here:
a +0 dagger; 3 stones; 16 gold pieces; ๐Ÿ˜• HP[+1]
Items here: ( )) โ€ .
Things that are here:
a +0 short sword; a +0 short sword
Items here: (( )). ๐Ÿ˜Ž HP[+1]
Your hp is fully restored (44).
You hit the two-headed ogre. The two-headed ogre misses you.
The two-headed ogre closely misses you.
You slash the two-headed ogre! You slash the two-headed ogre.
The two-headed ogre barely misses you. The two-headed ogre misses you.
You slash the two-headed ogre!
The two-headed ogre hits you with a +0 giant club!!
Ouch! That really hurt!
* * * LOW HITPOINT WARNING * * *
The two-headed ogre hits you with a +0 giant spiked club!!
You die...

Skill      XL: |  1  2  3  4  5  6  7  8  9 10 |
---------------+-------------------------------+-----
Stealth        | 1 2 3 4 |  4.0
Shapeshifting  | 1 2 3 4 6 8 9 |  9.0
Fire Magic     | 3 |  3.0
Fighting       | 4 5 7 8 9 |  9.2
Unarmed Combat | 4 5 7 8 9 |  9.1
Spellcasting   | |  1.0

Action                     |  1- 3 |  4- 6 |  7- 9 | 10-12 || total
---------------------------+-------+-------+-------+-------++-------
  Melee: Unarmed           |    69 |   116 |   343 |    57 ||   585
         Bite              |     3 |     9 |    52 |     5 ||    69
         Punch             |       |     7 |    15 |     2 ||    24
   Cast: Scorch            |     4 |    52 |    43 |    15 ||   114
 Invoke: Foxfire Swarm     |     2 |       |     1 |       ||     3
  Evoke: Wand              |       |     6 |    10 |     3 ||    19
    Use: Potion            |       |     3 |     7 |       ||    10
         Scroll            |       |     4 |    10 |     1 ||    15
   Stab: Sleeping          |     2 |     3 |     5 |       ||    10
         Distracted        |       |       |     1 |       ||     1
 Armour: Skin              |    22 |    30 |   118 |    34 ||   204
  Dodge: Dodged            |    58 |    85 |   307 |    65 ||   515
   Form: Blade             |       |       |       |     1 ||     1

Levels and vault maps discovered:
D:1:      minmay_arrival_wavy_path, layout_basic,
          hellmonk_ecumenical_altar_leap_of_faith
D:2:      layout_basic, basic_altar, minmay_misc_feat_tower,
          minmay_misc_feat_roman
D:3:      layout_basic
D:4:      layout_basic, uniq_robin
D:5:      layout_basic, nicolae_shop_firing_range
D:6:      layout_basic, grunt_temple_overflow_diamond, nrook_uturn,
          lexackson_kobold_supper
D:7:      layout_basic, minmay_temple_entry_nine_rooms, enter_ossuary_1,
          gammafunk_ghost_abyssal_escape, nicolae_ea-nasir_strikes_again,
          solitary_fountain
D:8:      cheibrodos_two_vegetables, layout_cave_pods, billiards_dpeg,
          uniq_pikel
D:9:      layout_big_octagon, lemuel_round_altar, uniq_harold

Notes
Turn   | Place    | Note
-------+----------+-------------------------------------------
     0 | D:1      | Skeral the Felid Cinder Acolyte began the quest for the
                  | Orb.
     0 | D:1      | Reached XP level 1. HP: 10/10 MP: 3/3
     0 | D:1      | magus.rc [v1.10.3]
   107 | D:1      | Reached skill level 1 in Stealth
   136 | D:1      | Reached XP level 2. HP: 6/14 MP: 4/4
   271 | D:1      | Learned a level 2 spell: Scorch
   287 | D:1      | You pick up a book of Misfortune and begin reading...
   287 | D:1      | You add the spells Inner Flame, Yara's Violent Unravelling
                  | and Enfeeble to your library.
   550 | D:1      | Found a faded altar of an unknown god.
   607 | D:2      | Reached skill level 2 in Stealth
   607 | D:2      | Reached skill level 1 in Shapeshifting
   607 | D:2      | Reached XP level 3. HP: 11/17 MP: 5/5
   707 | D:2      | Reached skill level 3 in Fire Magic
  1013 | D:2      | Found a shimmering altar of Xom.
  1463 | D:3      | Reached XP level 4. HP: 21/21 MP: 3/6
  1482 | D:3      | HP: 5/21 [poisoned by an adder]
  1483 | D:3      | HP: 2/21 [poisoned by an adder]
  2471 | D:4      | Reached skill level 3 in Stealth
  2471 | D:4      | Reached skill level 2 in Shapeshifting
  2471 | D:4      | Reached XP level 5. HP: 25/25 MP: 2/7
  2669 | D:4      | You pick up a book of Cantrips and begin reading...
  2669 | D:4      | You add the spells Necrotise, Summon Small Mammal and
                  | Apportation to your library.
  2678 | D:4      | Noticed a black bear
  2706 | D:4      | Killed a black bear
  2707 | D:4      | Reached skill level 4 in Fighting
  2707 | D:4      | Reached skill level 4 in Unarmed Combat
  2993 | D:4      | Noticed a phantom
  3011 | D:4      | Killed a phantom
  3012 | D:4      | Reached skill level 4 in Stealth
  3012 | D:4      | Reached skill level 3 in Shapeshifting
  3012 | D:4      | Gained mutation: You are covered in thick fur. (AC +2)
                  | [Felid growth]
  3012 | D:4      | Reached XP level 6. HP: 16/28 MP: 1/8
  3064 | D:4      | You pick up a book of Winter and begin reading...
  3064 | D:4      | You add the spells Ozocubu's Armour, Metabolic Englaciation
                  | and Simulacrum to your library.
  3070 | D:4      | Noticed Robin
  3107 | D:4      | Killed Robin
  3591 | D:5      | Entered Level 5 of the Dungeon
  3643 | D:5      | Found Fiwkai Itya's Firing Range.
  3857 | D:5      | HP: 6/29 [poisoned by a gnoll sergeant]
  3859 | D:5      | HP: 2/29 [poisoned by a gnoll sergeant]
  4189 | D:5      | Reached XP level 7. HP: 27/33 MP: 0/9
  4342 | D:5      | Reached skill level 5 in Fighting
  4342 | D:5      | Reached skill level 4 in Shapeshifting
  4506 | D:5      | Reached skill level 5 in Unarmed Combat
  4566 | D:5      | magus.rc [v1.10.3]
  4657 | D:6      | Found an ancient bone altar of Kikubaaqudgha.
  4663 | D:6      | Found an opulent altar of Gozag.
  4669 | D:6      | Found a stormy altar of Qazlal.
  5342 | D:6      | Reached XP level 8. HP: 32/38 MP: 10/10
  5462 | D:7      | Reached skill level 5 in Shapeshifting
  5518 | D:7      | Found a sand-covered staircase.
  5568 | D:7      | HP: 9/38 [ogre/+0 giant club (29)]
  5606 | D:7      | Reached skill level 6 in Fighting
  5606 | D:7      | Reached skill level 6 in Unarmed Combat
  5691 | Ossuary  | Entered an ossuary
  6116 | D:7      | Found a transporter.
  6367 | D:7      | HP: 8/39 [killer bee (6)]
  6368 | D:7      | HP: 3/39 [killer bee (5)]
  6372 | D:7      | Reached skill level 6 in Shapeshifting
  6373 | D:7      | HP: 9/39 [killer bee (5)]
  6542 | D:7      | Reached skill level 7 in Fighting
  6605 | D:7      | Found Ea-nฤแนฃir's Fine Metal Goods.
  6685 | D:7      | Reached skill level 7 in Unarmed Combat
  6780 | D:7      | HP: 10/40 [ice beast (7)]
  6793 | D:7      | Reached XP level 9. HP: 13/43 MP: 11/11
  7009 | D:7      | Found a staircase to the Ecumenical Temple.
  7129 | D:7      | Found a transporter.
  7141 | D:7      | magus.rc [v1.10.3]
  7148 | D:7      | Found a one-way gate to the infinite horrors of the Abyss.
  7148 | D:7      | Noticed GreenGuy14's ghost (novice DsCK)
  7171 | D:7      | Noticed an ancient zyme
  7256 | D:8      | HP: 7/43 [vampire mosquito (11)]
  7258 | D:8      | Slain by a vampire mosquito
  7323 | D:8      | HP: 7/43 [wyvern (13)]
  7487 | D:8      | Reached skill level 7 in Shapeshifting
  7487 | D:8      | HP: 9/43 [centaur/arrow (12)]
  7495 | D:8      | HP: 6/43 [centaur/arrow (8)]
  7646 | D:8      | Noticed Pikel
  7792 | D:7      | HP: 9/42 [yak (15)]
  7809 | D:7      | HP: 6/42 [yak (6)]
  7816 | D:7      | Slain by a yak
  7947 | D:7      | Reached skill level 8 in Fighting
  8077 | D:8      | Reached skill level 8 in Unarmed Combat
  8102 | D:8      | HP: 8/44 [vampire mosquito (7)]
  8251 | D:8      | Killed Pikel
  8294 | D:8      | Reached skill level 8 in Shapeshifting
  8477 | D:8      | HP: 7/45 [wight/+3 trident of freezing (9)]
  8477 | D:8      | HP: 3/44 [wight/+3 trident of freezing (1)]
  8903 | D:8      | Reached XP level 10. HP: 43/49 MP: 12/12
  9252 | D:8      | Noticed a catoblepas
  9726 | D:8      | HP: 3/49 [catoblepas (17)]
  9727 | D:8      | Killed from afar by a catoblepas
  9911 | D:9      | Reached skill level 9 in Fighting
  9989 | D:9      | Noticed Harold
 10046 | D:9      | Noticed a two-headed ogre
 10122 | D:9      | Killed a two-headed ogre
 10123 | D:9      | Reached skill level 9 in Unarmed Combat
 10248 | D:9      | Found a basalt altar of Yredelemnul.
 10299 | D:9      | Reached skill level 9 in Shapeshifting
 10387 | D:9      | Noticed a two-headed ogre
 10527 | D:9      | Slain by a two-headed ogre

Vanquished Creatures
  A two-headed ogre (D:9)
  Pikel (D:8)
  3 yaks
  A shadow (D:9)
  2 wyverns (D:8)
  2 vampire mosquitoes (D:8)
  A steam dragon (D:8)
  A water moccasin (D:9)
  A sky beast (D:7)
  4 ice beasts
  2 black bears
  2 ogres (D:7)
  4 centaurs
  A lemure (D:7)
  A phantom (D:4)
  4 kobold brigands
  A gnoll sergeant (D:5)
  2 scorpions
  3 wights
  4 killer bees (D:7)
  3 howler monkeys (D:7)
  A jelly (D:4)
  2 hounds
  A sleepcap (D:5)
  2 orc priests
  3 iguanas
  5 orc wizards
  Robin (D:4)
  8 mummies (Ossuary)
  9 adders
  6 gnolls
  A white imp (D:6)
  2 worms
  A dart slug (D:4)
  22 orcs
  5 endoplasms
  A giant cockroach (D:2)
  3 gnoll zombies (Ossuary)
  10 hobgoblins
  3 jackals (D:4)
  4 quokkas
  3 training dummies (D:5)
  11 ball pythons
  4 bats
  3 frilled lizards
  12 goblins
  2 hobgoblin zombies (Ossuary)
  16 kobolds
  2 kobold zombies (Ossuary)
  An orc zombie (Ossuary)
  8 rats
196 creatures vanquished.

Vanquished Creatures (others)
  A kobold (D:8)
  65 foxfires
66 creatures vanquished.

Grand Total: 262 creatures vanquished

Table legend:
 A = Non-vault XP
 B = Vault XP
 C = Vault XP percentage of total XP
 D = Non-vault monster count
 E = Vault monster count
 F = Vault count percentage of total count
                 A         B        C        D         E       F
            +---------+---------+-------+---------+---------+-------
      Total |    6147 |    1386 |  18.4 |     151 |      44 |  22.6
            +---------+---------+-------+---------+---------+-------
        D:1 |      25 |       0 |   0.0 |      16 |       0 |   0.0
        D:2 |      71 |       0 |   0.0 |      14 |       0 |   0.0
        D:3 |      65 |       0 |   0.0 |      16 |       0 |   0.0
        D:4 |     365 |      33 |   8.3 |      20 |      10 |  33.3
        D:5 |     379 |       6 |   1.6 |      19 |       3 |  13.6
        D:6 |     414 |     109 |  20.8 |      14 |       8 |  36.4
        D:7 |    1793 |       0 |   0.0 |      21 |       0 |   0.0
        D:8 |    1623 |    1083 |  40.0 |      19 |       7 |  26.9
        D:9 |    1412 |       0 |   0.0 |      12 |       0 |   0.0
    Ossuary |       0 |     155 | 100.0 |       0 |      16 | 100.0
            +---------+---------+-------+---------+---------+-------

Skill      XL: |  1  2  3  4  5  6  7  8  9 10 |
---------------+-------------------------------+-----
Stealth        | 1 2 3 4 |  4.0
Shapeshifting  | 1 2 3 4 6 8 9 |  9.0
Fire Magic     | 3 |  3.0
Fighting       | 4 5 7 8 9 |  9.2
Unarmed Combat | 4 5 7 8 9 |  9.1
Spellcasting   | |  1.0

Action                     |  1- 3 |  4- 6 |  7- 9 | 10-12 || total
---------------------------+-------+-------+-------+-------++-------
  Melee: Unarmed           |    69 |   116 |   343 |    57 ||   585
         Bite              |     3 |     9 |    52 |     5 ||    69
         Punch             |       |     7 |    15 |     2 ||    24
   Cast: Scorch            |     4 |    52 |    43 |    15 ||   114
 Invoke: Foxfire Swarm     |     2 |       |     1 |       ||     3
  Evoke: Wand              |       |     6 |    10 |     3 ||    19
    Use: Potion            |       |     3 |     7 |       ||    10
         Scroll            |       |     4 |    10 |     1 ||    15
   Stab: Sleeping          |     2 |     3 |     5 |       ||    10
         Distracted        |       |       |     1 |       ||     1
 Armour: Skin              |    22 |    30 |   118 |    34 ||   204
  Dodge: Dodged            |    58 |    85 |   307 |    65 ||   515
   Form: Blade             |       |       |       |     1 ||     1

Illustrated notes

Table legend:
 A = Kills in this place as a percentage of kills in the entire game.
 B = Kills by you in this place as a percentage of kills by you in the entire game.
 C = Kills by friends in this place as a percentage of kills by friends in the entire game.
 D = Other kills in this place as a percentage of other kills in the entire game.
 E = Experience gained in this place as a percentage of experience gained in the entire game.
 F = Experience gained in this place divided by the number of levels of this place that you have seen.
                   A       B       C       D       E      F
               +-------+-------+-------+-------+-------+----------------------
         Total | 100.0 | 100.0 |   N/A |   N/A | 100.0 | 753.3
       Dungeon |  91.8 |  91.8 |   N/A |   N/A |  97.9 | 819.8
       Ossuary |   8.2 |   8.2 |   N/A |   N/A |   2.1 | 155.0
               +-------+-------+-------+-------+-------+----------------------

Table legend: (Time is in decaauts)
 A = Elapsed time spent in this place.
 B = Non-inter-level travel time spent in this place.
 C = Inter-level travel time spent in this place.
 D = Time resting spent in this place.
 E = Time spent auto-exploring this place.
 F = Levels seen in this place.
 G = Mean time per level.
                   A        B        C        D        E       F      G
               +--------+--------+--------+--------+--------+-----+--------+
         Total |   9139 |   8773 |    366 |   2484 |   2921 |  10 |  913.9 |
       Dungeon |   8768 |   8402 |    366 |   2367 |   2893 |   9 |  974.2 |
       Ossuary |    370 |    370 |      0 |    117 |     28 |   1 |  370.0 |
               +--------+--------+--------+--------+--------+-----+--------+

Top non-repeatable levels by time:
     D:8: 1792 daAuts
     D:7: 1715 daAuts
     D:4: 1220 daAuts
     D:2: 742 daAuts
     D:6: 742 daAuts
     D:5: 735 daAuts
     D:3: 673 daAuts
     D:9: 639 daAuts
     D:1: 506 daAuts
 Ossuary: 370 daAuts
